 Dungeon Crawl Stone Soup version 0.30.1-9-gdf580d7c3d (webtiles) character file.

Game seed: 6656903860105190952

62309 Ivernyr the Bludgeoner (level 15, -7/124 HPs)
             Began as a Formicid Fighter on Sept 30, 2023.
             Was a High Priest of Wu Jian.
             Mangled by an ettin
             ... wielding a +0 dire flail
              (27 damage)
             ... on level 2 of the Orcish Mines.
             The game lasted 00:52:55 (18260 turns).

Ivernyr the Bludgeoner (Formicid Fighter)          Turns: 18260, Time: 00:52:56

Health: -7/124     AC: 18    Str: 27    XL:     15   Next: 45%
Magic:  15/15      EV: 14    Int: 14    God:    Wu Jian [*****.]
Gold:   1503       SH: 26    Dex: 13    Spells: 14/14 levels left

rFire   . . .        a - +11 morningstar of Wu Jian's Supremacy {heavy, *Corrode rPois Int+5}
rCold   + . .        c - +2 tower shield
rNeg    + + .        b - +2 ring mail {rC+}
rPois   +            (helmet unavailable)
rElec   .            y - +0 cloak
rCorr   .            p - +0 pair of gloves
SInv    +            A - +0 pair of boots
Will    +....        F - amulet "Fot Leop" {Reflect +Inv rPois rN++ SH+5}
Stlth   +            C - +4 ring of protection
HPRegen 0.40/turn    I - +5 ring of evasion
MPRegen 0.14/turn

%: corrode self (3%), reflection
@: no status effects
A: permanent stasis, dig shafts and tunnels, antennae 3, four strong arms
a: Dig, Shaft Self, Renounce Religion, Evoke Invisibility, Wall Jump, Serpent's
Lash, Heavenly Storm


You were on level 2 of the Orcish Mines.
You worshipped Wu Jian.
Wu Jian was extremely pleased with you.
You visited 3 branches of the dungeon, and saw 20 of its levels.
You also visited: Gauntlet.

You collected 1503 gold pieces.

Inventory:

Hand Weapons
 a - the +11 morningstar of Wu Jian's Supremacy (weapon) {heavy, *Corrode rPois Int+5}
   (You found it on level 8 of the Dungeon)

   Int:       It affects your intelligence (+5).
   rPois:     It protects you from poison.
   *Corrode:  It may corrode you when you take damage.
 h - a +3 eveningstar of protection
Armour
 b - a +2 ring mail of cold resistance (worn)
 c - a +2 tower shield (worn)
 p - a +0 pair of gloves (worn)
 y - a +0 cloak (worn)
 A - a +0 pair of boots (worn)
Jewellery
 C - a +4 ring of protection (left hand)
 F - the amulet "Fot Leop" (around neck) {Reflect +Inv rPois rN++ SH+5}
   (You found it in a Gauntlet)

   [amulet of reflection]

   It reflects blocked missile attacks.
   rPois:     It protects you from poison.
   rN:        It greatly protects you from negative energy.
   +Inv:      It lets you turn invisible.
   SH:        It affects your SH (+5).
 I - a +5 ring of evasion (right hand)
 J - the ring of Xanextos {Fly Dex+2}
   (You took it off a minotaur in a Gauntlet)

   [ring of flight]

   Dex:       It affects your dexterity (+2).
   Fly:       It grants you flight.
 N - a ring of resist corrosion
Wands
 f - a wand of polymorph (4)
 r - a wand of mindburst (12)
 H - a wand of flame (7)
 L - a wand of iceblast (19)
 R - a wand of light (4)
Scrolls
 d - 2 scrolls of enchant armour
 j - 4 scrolls of amnesia
 l - 2 scrolls of fog
 o - a scroll of fear
 q - a scroll of identify
 B - a scroll of brand weapon
 G - 3 scrolls of vulnerability {unknown}
 K - a scroll of poison
 O - a scroll of immolation {unknown}
 Q - 4 scrolls of magic mapping {unknown}
Potions
 e - 3 potions of mutation {unknown}
 g - 3 potions of attraction {unknown}
 i - 8 potions of heal wounds
 k - 2 potions of magic
 m - a potion of invisibility {unknown}
 n - 3 potions of resistance {unknown}
 t - a potion of cancellation {unknown}
 u - 2 potions of berserk rage {unknown}
 v - 12 potions of curing
 w - 3 potions of brilliance {unknown}
 x - 4 potions of lignification {unknown}
 z - 3 potions of degeneration {unknown}
 M - 4 potions of might
 P - 4 potions of flight {unknown}


   Skills:
 + Level 13.4 Fighting
 * Level 16.6 Maces & Flails
 + Level 13.4 Armour
 + Level 15.6 Shields


You had 14 spell levels left.
You didn't know any spells.
Your spell library contained the following spells:

 Spells                   Type           Power      Damage    Failure   Level
 Beastly Appendage        Tmut           0%         N/A       63%         1
 Foxfire                  Conj/Fire      0%         2x1d4     63%         1
 Shock                    Conj/Air       0%         1d3       63%         1
 Lesser Beckoning         Tloc           0%         N/A       77%         2
 Momentum Strike          Conj/Tloc      0%         3d8       77%         2
 Wereblood                Tmut           0%         N/A       77%         2
 Call Canine Familiar     Summ           0%         N/A       94%         3
 Dazzling Flash           Conj/Hex       0%         N/A       94%         3
 Portal Projectile        Hex/Tloc       0%         N/A       94%         3
 Spider Form              Tmut/Pois      0%         N/A       94%         3
 Tukima's Dance           Hex            0%         N/A       94%         3
 Volatile Blastmotes      Fire/Tloc      0%         2d10      94%         3
 Airstrike                Air            0%         2d(0-16)  100%        4
 Animate Dead             Necr           0%         N/A       100%        4
 Iskenderun's Mystic Bla  Conj/Tloc      0%         2d3       100%        4
 Leda's Liquefaction      Hex/Erth       0%         N/A       100%        4
 Passage of Golubria      Tloc           0%         N/A       100%        4
 Blade Hands              Tmut           0%         N/A       100%        5
 Fireball                 Conj/Fire      0%         3d3       100%        5
 Iskenderun's Battlesphe  Conj           0%         2d6       100%        5
 Yara's Violent Unravell  Hex/Tmut       0%         3d3       100%        5
 Conjure Ball Lightning   Conj/Air       0%         3x3d6     100%        6
 Plasma Beam              Fire/Air       0%         2x1d11    100%        6
 Simulacrum               Ice/Necr       0%         N/A       100%        6
 Starburst                Conj/Fire      0%         6d3       100%        6
 Haunt                    Necr/Summ      0%         N/A       100%        7
 Orb of Destruction       Conj           0%         9d5       100%        7
 Ozocubu's Refrigeration  Ice            0%         4d7       100%        7
 Infestation              Necr           0%         N/A       100%        8
 Polar Vortex             Ice            0%         N/A       100%        9
 Blink                    Tloc           Unusable   N/A       N/A         2
 Swiftness                Air            Unusable   N/A       N/A         3

Dungeon Overview and Level Annotations

Branches:
Dungeon (13/15)            Temple (0/1) D:6            Lair (5/5) D:8
  Swamp (0/4) Lair:3       Spider (0/4) Lair:2        Slime (0/5) Lair:5
    Orc (2/2) D:11         Vaults (0/5) D:13        Gauntlet (visited)
    Elf: Orc:2

Altars:
Cheibriados
Dithmenos
Elyvilon
Fedhas
Gozag
Hepliaklqana
Kikubaaqudgha
Nemelex Xobeh
Ru
Trog
Uskayaw
Vehumet
Wu Jian
Yredelemnul
Zin
The Shining One
Jiyva

Shops:
D:5 :   D:11 (

Annotations:
D:8 2 runed translucent doors
D:12 2 runed translucent doors, Mocet's ghost, journeyman GnVM
Lair:3 exclusion: oklob plant


Innate Abilities, Weirdness & Mutations

You cannot be hasted, slowed, berserked, paralysed or teleported.
You can dig through walls and to a lower floor.
You have a pair of large antennae on your head. (SInv)
Your four strong arms can wield two-handed weapons with a shield.


Message History

The ettin hits you with a +0 dire flail!!
You block the orc wizard's attack.
You crush the orc like a grape!!!
You kill the orc!
The Council accepts your kill. You block the orc's attack.
You block the orc wizard's attack.
The orc warrior hits you but does no damage. x2
The orc warrior closely misses you.
The orc knight hits you with a +0 battleaxe!!
You block the ettin's attack. The ettin barely misses you.
You barely miss the orc wizard. The orc wizard casts a spell at you.
The puff of flame hits you but does no damage.
You block the orc's attack. You block the orc wizard's attack.
The orc warrior closely misses you. The orc warrior barely misses you.
The orc warrior hits you but does no damage.
You block the orc knight's attack. The ettin closely misses you.
You block the ettin's attack.
The orc wizard hits you but does no damage.
You miss the orc wizard. You block the orc's attack.
You block the orc wizard's attack. You block the orc warrior's attack.
The orc knight hits you but does no damage.
The ettin closely misses you. x2; The orc warrior closely misses you.
You block the ettin's attack. The ettin misses you.
The orc knight roars a battlecry!
The orcs go into a battle-frenzy!
The orc wizard points at you and mumbles some strange words.
The magic dart hits you.
You impale the orc!!
You kill the orc!
The Council accepts your kill. You block the orc wizard's attack.
The orc wizard barely misses you. You block the orc wizard's attack.
You block the orc warrior's attack.
The orc warrior hits you with a +0 long sword!
* * * LOW HITPOINT WARNING * * *
The orc warrior hits you with a +0 hand axe!
* * * LOW HITPOINT WARNING * * *
You block the orc knight's attack.
The ettin hits you with a +0 dire flail!!
You die...

.$....#))....$....
#...).......... ..#
#..............
.....#.<)).........
..#..##)...........
.........).........
...................
.........ooo)......
.........o@C.......
#........ooo.......
...................
....$..............
.........^.........
..................
.................
...........#.##.


You could see an orc knight, an ettin, 4 orc warriors and 2 orc wizards.

Vanquished Creatures
  Kirke (D:13)
  A minotaur (Gauntlet)
  Snorg (Lair:4)
  Josephine (Lair:3)
  2 hydras
  A fire dragon (Lair:5)
  An ogre mage (D:13)
  5 two-headed ogres
  3 centaur warriors
  A boulder beetle (D:11)
  A tengu warrior (D:13)
  Urug (Lair:2)
  A deep elf knight (D:13)
  A sixfirhy (Gauntlet)
  Amaemon (Lair:2)
  Lodul (D:13)
  A skyshark (Lair:4)
  A lindwurm (Lair:5)
  Pikel (D:4)
  4 deep elf pyromancers
  2 deep elf zephyrmancers (D:13)
  An ugly thing (D:13)
  2 manticores
  An elephant (shapeshifter) (D:13)
  A cyclops (D:12)
  14 elephants
  3 black mambas
  An orange demon (Lair:2)
  3 molten gargoyles (Lair:5)
  Psyche (D:10)
  2 minotaur zombies (Gauntlet)
  A torpor snail (Lair:4)
  9 cane toads
  An unseen horror (D:11)
  2 rime drakes (Lair:5)
  A kobold demonologist (D:13)
  11 komodo dragons
  4 trolls
  2 polar bears
  A meliai (Lair:2)
  A hornet (D:9)
  14 blink frogs
  A centaur simulacrum (D:13)
  7 shadows
  5 slime creatures (D:13)
  11 wyverns
  3 vampires
  2 water elementals (D:13)
  5 wraiths (Lair:3)
  49 yaks
  A hog (D:13)
  4 steam dragons
  4 vampire mosquitoes
  9 basilisks
  A warg (Orc:2)
  4 hell hounds (Lair:5)
  17 water moccasins
  An ice beast (D:6)
  Pargi (D:3)
  2 black bears
  8 orc warriors
  13 ogres
  7 wolves
  8 centaurs
  3 kobold brigands
  14 bullfrogs
  4 scorpions
  4 wights (D:8)
  13 killer bees
  7 howler monkeys
  5 lava snakes (Lair:5)
  3 centaur zombies (D:8)
  5 hounds
  4 orc priests
  5 jellies
  3 iguanas
  A sleepcap (D:7)
  14 orc wizards
  2 killer bee zombies (D:8)
  A howler monkey zombie (D:8)
  6 adders
  3 shadow imps
  6 white imps
  3 ufetubi
  A worm (D:2)
  A dart slug (D:1)
  27 orcs
  12 endoplasms
  4 giant cockroaches
  8 goblins
  5 hobgoblins
  7 kobolds
  5 quokkas
  12 ball pythons
  8 bats
  3 frilled lizards
  7 rats
  A spectral orc (D:4)
478 creatures vanquished.

Vanquished Creatures (others)
  A hog (D:13)
  A kobold brigand (D:13)
2 creatures vanquished.

Grand Total: 480 creatures vanquished

Notes
Turn   | Place    | Note
-------+----------+-------------------------------------------
     0 | D:1      | Ivernyr the Formicid Fighter began the quest for the Orb.
     0 | D:1      | Reached XP level 1. HP: 18/18 MP: 1/1
    73 | D:1      | Reached XP level 2. HP: 24/24 MP: 2/2
   441 | D:1      | Reached XP level 3. HP: 30/30 MP: 3/3
   958 | D:2      | Reached XP level 4. HP: 37/37 MP: 4/4
  1406 | D:3      | Reached skill level 3 in Maces & Flails
  1437 | D:3      | Found an ornate altar of the Wu Jian Council.
  1464 | D:3      | Noticed a spectral centipede
  1464 | D:3      | Noticed a spectral black mamba
  1464 | D:3      | Noticed a spectral cane toad
  1465 | D:3      | Became a worshipper of the Wu Jian Council
  1484 | D:3      | Found a glowing golden altar of the Shining One.
  1546 | D:3      | Noticed a +0 falchion
  1546 | D:3      | Noticed a +0 falchion
  1548 | D:3      | Noticed a +0 dagger
  1548 | D:3      | Noticed a +0 spear
  1548 | D:3      | Noticed a +0 short sword
  1550 | D:3      | Noticed a +0 dagger
  1550 | D:3      | Noticed a +0 short sword
  1550 | D:3      | Noticed a +0 spear
  1554 | D:3      | Found a hide-covered altar of Uskayaw.
  1589 | D:3      | You fall into a shaft and drop 1 floor!
  1733 | D:4      | Noticed Pikel
  1733 | D:4      | Noticed a lemure
  1734 | D:4      | Noticed a lemure
  1734 | D:4      | Noticed a lemure
  1735 | D:4      | Noticed a lemure
  1769 | D:4      | Killed Pikel
  1770 | D:4      | Reached skill level 5 in Fighting
  1770 | D:4      | Reached skill level 5 in Maces & Flails
  1770 | D:4      | Reached skill level 5 in Armour
  1770 | D:4      | Reached skill level 5 in Shields
  1770 | D:4      | Reached XP level 5. HP: 33/44 MP: 5/5
  1770 | D:4      | Reached XP level 6. HP: 38/51 MP: 6/6
  1770 | D:4      | Reached XP level 7. HP: 42/56 MP: 7/7
  1999 | D:3      | Reached * piety under Wu Jian
  2096 | D:3      | Found a hazy altar of Hepliaklqana.
  2098 | D:3      | Noticed Pargi
  2108 | D:3      | Killed Pargi
  2442 | D:4      | Reached XP level 8. HP: 54/62 MP: 8/8
  2665 | D:4      | Found a basalt altar of Yredelemnul.
  2721 | D:5      | Entered Level 5 of the Dungeon
  2861 | D:5      | Found an opulent altar of Gozag.
  2886 | D:5      | Reached skill level 6 in Maces & Flails
  3048 | D:5      | Found Iton's Book Emporium.
  3826 | D:6      | Reached XP level 9. HP: 52/69 MP: 9/9
  3919 | D:6      | Found a snail-covered altar of Cheibriados.
  4109 | D:6      | Reached skill level 7 in Maces & Flails
  4224 | D:6      | Found a bloodstained altar of Trog.
  4310 | D:6      | Found a staircase to the Ecumenical Temple.
  4626 | D:7      | Found a radiant altar of Vehumet.
  4795 | D:7      | Reached skill level 8 in Maces & Flails
  5005 | D:7      | Found a glowing silver altar of Zin.
  5558 | D:7      | Reached XP level 10. HP: 20/79 MP: 10/10
  5561 | D:7      | You fall into a shaft and drop 2 floors!
  5845 | D:9      | HP: 3/79 [yak (7)]
  5849 | D:9      | Reached skill level 9 in Maces & Flails
  6021 | D:9      | Found a sacrificial altar of Ru.
  6240 | D:8      | Noticed a two-headed ogre
  6248 | D:8      | Killed a two-headed ogre
  6248 | D:8      | Reached ** piety under Wu Jian
  6594 | D:8      | Found a staircase to the Lair.
  6746 | D:8      | Reached skill level 10 in Maces & Flails
  7090 | D:8      | Reached XP level 11. HP: 83/86 MP: 11/11
  7170 | D:8      | Found a large runed translucent door.
  7170 | D:8      | Found a large runed translucent door.
  7419 | D:8      | Found a large runed translucent door.
  7419 | D:8      | Found a large runed translucent door.
  7456 | D:8      | Reached skill level 10 in Shields
  7547 | D:8      | Identified the +11 morningstar of Wu Jian's Supremacy
                  | {heavy, *Corrode rPois Int+5}
  7617 | D:8      | Noticed a centaur warrior
  7630 | D:8      | Killed a centaur warrior
  8023 | D:9      | Found a blossoming altar of Fedhas.
  8023 | D:9      | Found a sparkling altar of Nemelex Xobeh.
  8026 | D:9      | Found a white marble altar of Elyvilon.
  8047 | D:9      | Reached *** piety under Wu Jian
  8063 | D:9      | Reached skill level 11 in Maces & Flails
  8081 | D:9      | Found an ancient bone altar of Kikubaaqudgha.
  8252 | D:9      | Found a shadowy altar of Dithmenos.
  8609 | D:9      | Found a shadowy altar of Dithmenos.
  8737 | D:10     | Entered Level 10 of the Dungeon
  9057 | D:10     | Noticed Psyche
  9070 | D:10     | Killed Psyche
  9808 | Lair:1   | Entered Level 1 of the Lair of Beasts
  9816 | Lair:1   | Reached XP level 12. HP: 83/97 MP: 12/12
  9909 | Lair:1   | Reached skill level 12 in Maces & Flails
  9911 | Lair:1   | Reached skill level 10 in Fighting
  9912 | Lair:1   | Reached skill level 10 in Armour
 10030 | Lair:1   | Found a gate leading to a gauntlet.
 10121 | Gauntlet | Entered a Gauntlet
 10121 | Gauntlet | Found a transporter.
 10131 | Gauntlet | Found a transporter.
 10146 | Gauntlet | Found a transporter.
 10152 | Gauntlet | Found a transporter.
 10152 | Gauntlet | Noticed a great orb of eyes
 10171 | Gauntlet | Found a transporter.
 10187 | Gauntlet | Found a transporter.
 10200 | Gauntlet | Found a transporter.
 10212 | Gauntlet | Found a transporter.
 10214 | Gauntlet | Noticed a dire elephant
 10220 | Gauntlet | Noticed a blizzard demon
 10221 | Gauntlet | Found a transporter.
 10236 | Gauntlet | Found a transporter.
 10255 | Gauntlet | Found a transporter.
 10273 | Gauntlet | Found a transporter.
 10275 | Gauntlet | Found a transporter.
 10276 | Gauntlet | Noticed a sixfirhy
 10303 | Gauntlet | Found a transporter.
 10323 | Gauntlet | Found a transporter.
 10401 | Gauntlet | Found a transporter.
 10423 | Gauntlet | Found a transporter.
 10531 | Gauntlet | Found a transporter.
 10548 | Gauntlet | Identified the ring of Sif Muna's Hatred {MP+9 Int+6}
 10565 | Gauntlet | Reached **** piety under Wu Jian
 10571 | Gauntlet | Killed a sixfirhy
 10621 | Gauntlet | Identified the amulet "Fot Leop" {Reflect +Inv rPois rN++
                  | SH+5}
 10652 | Gauntlet | Identified the +7 falchion of Peril {venom, rC+ rN+}
 10652 | Gauntlet | Identified the ring of Xanextos {Fly Dex+2}
 10652 | Gauntlet | Noticed a minotaur
 10661 | Gauntlet | Killed a minotaur
 11379 | Lair:2   | Noticed Urug
 11383 | Lair:2   | Noticed Amaemon
 11384 | Lair:2   | Killed Urug
 11386 | Lair:2   | Reached skill level 13 in Maces & Flails
 11395 | Lair:2   | Killed Amaemon
 11566 | Lair:2   | Reached XP level 13. HP: 88/105 MP: 13/13
 11877 | Lair:2   | Found a hole to the Spider Nest.
 12306 | Lair:3   | Noticed a six-headed hydra
 12321 | Lair:2   | Killed a six-headed hydra
 12436 | Lair:3   | Found a staircase to the Swamp.
 12467 | Lair:3   | Noticed Josephine
 12479 | Lair:3   | Killed Josephine
 12480 | Lair:3   | Reached skill level 14 in Maces & Flails
 13269 | Lair:4   | Noticed Snorg
 13276 | Lair:4   | Killed Snorg
 13640 | Lair:4   | Reached XP level 14. HP: 114/114 MP: 14/14
 14023 | Lair:4   | Identified a scroll of acquirement
 14023 | Lair:4   | Acquired a +1 eveningstar of protection
 14050 | Lair:5   | Entered Level 5 of the Lair of Beasts
 14132 | Lair:5   | Found a viscous altar of Jiyva.
 14132 | Lair:5   | Found a staircase to the Slime Pits.
 14361 | Lair:5   | Reached skill level 15 in Maces & Flails
 14373 | Lair:5   | Reached ***** piety under Wu Jian
 15343 | Lair:5   | Found a large runed translucent door.
 15344 | Lair:5   | Found a large runed translucent door.
 15946 | D:11     | Found a staircase to the Orcish Mines.
 16140 | D:11     | Found the +16 obsidian axe {drain, demonic, Mesm Drain Fly
                  | SInv}
 16144 | D:11     | Found Ququs's Weapon Emporium.
 16634 | D:12     | Found a large runed translucent door.
 16634 | D:12     | Found a large runed translucent door.
 16689 | D:12     | Reached skill level 15 in Shields
 16736 | D:12     | Noticed Mocet's ghost (journeyman GnVM)
 17065 | D:13     | Noticed Lodul
 17079 | D:13     | Reached XP level 15. HP: 70/122 MP: 15/15
 17079 | D:13     | Killed Lodul
 17080 | D:13     | Reached skill level 16 in Maces & Flails
 17533 | D:13     | Found the +7 captain's cutlass {speed, disarm}
 17611 | D:13     | Identified the staff of poison "Esefy" {rPois rC+}
 17780 | D:13     | Found a gate to the Vaults.
 17835 | D:13     | Noticed Kirke
 17847 | D:13     | Killed Kirke
 18104 | Orc:1    | Entered Level 1 of the Orcish Mines
 18234 | Orc:2    | Entered Level 2 of the Orcish Mines
 18260 | Orc:2    | Mangled by an ettin

Illustrated notes

Levels and vault maps discovered:
D:1:      amcnicky_arrival_single_pillar, layout_rooms,
          amcnicky_mini_pool_small, amcnicky_mini_corridor_feature
D:2:      layout_loops_cross
D:3:      layout_basic, nicolae_uskayaw_en_pointe,
          nicolae_overflow_crystal_walls, lemuel_doored_altar,
          pdpol_wu_jian_five_deadly_venoms, uniq_pargi
D:4:      layout_rooms, yredelemnul_forgotten_temple_becter,
          minmay_misc_feat_plants, uniq_pikel
D:5:      layout_cave_pods, old_standard_altar, serial_shops,
          nicolae_shop_pleasant_corner_grove, serial_column_ruins,
          column_ruins_hut, column_ruins_hut_water,
          column_ruins_corridor_corner, column_ruins_grid_1,
          column_ruins_open_medium, column_ruins_corridor_corner,
          column_ruins_corridor_straight, column_ruins_grid_4
D:6:      layout_loops_ring, mainiacjoe_overflow_alcove_2, lemuel_crystal_altar,
          minmay_temple_entry_tees
D:7:      layout_cave_pods, kennysheep_mini, nicolae_vehumet_radiance
D:8:      layout_gridville, minmay_lair_entry_grove, serial_undead,
          serial_undead_d, serial_undead_f, serial_undead_c, serial_undead_b,
          minmay_hollow_rounded_squares
D:9:      layout_basic, grunt_temple_overflow_open, hangedman_feature_mirror
D:10:     layout_loops_ring, uniq_psyche
D:11:     layout_rooms, david_orc_3, serial_shops, nicolae_shop_waterfront
D:12:     layout_basic, ebering_ghost_disaster_area
D:13:     layout_cross, hangedman_vaults_entry_quadrant_bands, serial_ice,
          serial_ice_b, serial_ice_d, serial_ice_g, serial_ice_a, serial_ice_l,
          uniq_kirke, uniq_lodul
Lair:1:   layout_chaotic_city, gauntlet_entry_generic, minivault_25
Lair:2:   layout_misc_corridors, hellmonk_spider_entry_not_the_bees,
          lemuel_fruit_tree, infiniplex_staircase_pool, grunt_megastairs_5,
          uniq_urug, uniq_amaemon
Lair:3:   layout_cave_pods, minmay_swamp_entry_reptiles, uniq_josephine
Lair:4:   layout_small_grid, st_stairs_11, grunt_megastairs_1, uniq_snorg
Lair:5:   cheibrodos_lair_end_hotspot, layout_regular_city,
          nicolae_slime_entry_slimehenge, serial_bayou_pond_d
Orc:1:    cheibrodos_orc_guarddog, layout_caves, lemuel_statue_altar,
          nicolae_shop_gadgets, uniq_jorgrun
Orc:2:    grunt_orc_tribal_feast, layout_caves, uniq_maurice

Skill      XL: |  1  2  3  4  5  6  7  8  9 10 11 12 13 14 15 |
---------------+----------------------------------------------+-----
Fighting       | 5 6 7 8 9 10 11 12 13 | 13.4
Maces & Flails | 5 6 8 10 11 13 14 15 16 | 16.6
Armour         | 5 6 7 8 9 10 11 12 13 | 13.4
Shields        | 5 6 7 8 9 11 12 13 15 | 15.6

Action                     |  1- 3 |  4- 6 |  7- 9 | 10-12 | 13-15 || total
---------------------------+-------+-------+-------+-------+-------++-------
  Melee: Flail             |    84 |       |       |       |       ||    84
         Whip              |    24 |    73 |   275 |   242 |       ||   614
         Morningstar       |       |       |       |   263 |   453 ||   716
         Eveningstar       |       |       |       |       |   258 ||   258
 Invoke: Serpent's Lash    |       |       |       |     2 |     8 ||    10
Ability: Dig               |     1 |       |       |       |       ||     1
         Lunge             |       |     3 |    17 |    17 |    52 ||    89
         Whirlwind         |       |       |    10 |    75 |   240 ||   325
         Shaft Self        |       |       |       |     1 |       ||     1
         Wall Jump         |       |       |       |     2 |       ||     2
    Use: Potion            |       |       |       |     2 |       ||     2
         Scroll            |       |       |       |       |    15 ||    15
 Armour: Scale mail        |    51 |    20 |    49 |    44 |       ||   164
         Ring mail         |       |       |       |   120 |   133 ||   253
  Dodge: Dodged            |    38 |    16 |    48 |   143 |   192 ||   437
  Block: Buckler           |    23 |       |       |       |       ||    23
         Tower shield      |    49 |    67 |   211 |   491 |   733 ||  1551
         Reflection        |       |       |       |     1 |    51 ||    52
